Map: Jagannatha LE

Players

MaxPax - Winner!

  • Race: Protoss Protoss

ShaDoWn

  • Race: Protoss Protoss

Event: DreamHack SC2 Masters 2021 Winter

VOD

Have the link to the VOD?

Description

Time

  • Played on: Oct. 3, 2021, 1:32 p.m.
  • Length: 7:32

All games in this series

Show
View Real Time Build Order
Export as new Build Order

MaxPax Protoss - Winner!

Build Orders: Oracle Opening 

Get SALT Encoding   

  12  0:00  Probe  
  13  0:13  Probe  
  14  0:20  Pylon  
  14  0:25  Probe  
  15  0:38  Probe (Chrono Boost)  
  15  0:40  Gateway  
  16  0:47  Assimilator, Probe (Chrono Boost)  
  17  0:52  Probe  
  18  1:04  Probe (Chrono Boost)  
  18  1:09  Assimilator  
  18  1:10  Pylon  
  19  1:16  Probe (Chrono Boost)  
  20  1:22  Probe (Chrono Boost)  
  21  1:27  Cybernetics Core  
  21  1:31  Probe  
  24  1:43  Probe  
  24  1:45  Zealot  
  25  1:55  Probe  
  26  2:05  Stargate  
  26  2:07  Probe  
  27  2:12  Adept (Chrono Boost)  
  27  2:13  Warp Gate  
  29  2:19  Pylon  
  29  2:20  Probe  
  30  2:29  Pylon  
  30  2:32  Probe  
  31  2:41  Stalker  
  31  2:44  Probe  
  34  2:53  Oracle (Chrono Boost)  
  34  2:57  Shield Battery  
  34  2:58  Probe  
  36  3:22  Nexus  
  36  3:28  Oracle  
  39  3:35  Shield Battery  
  39  3:41  Shield Battery  
  39  3:49  Pylon  
  38  4:01  Stalker  
  39  4:02  Probe  
  37  4:14  Twilight Council  
  37  4:15  Probe  
  36  4:27  Probe  
  36  4:29  Phoenix  
  39  4:36  Stalker  
  39  4:38  Probe  
  42  4:41  Probe  
  43  4:50  Blink (Chrono Boost), Probe  
  44  4:56  Probe  
  45  5:02  Probe  
  46  5:08  Stalker, Probe  
  49  5:19  Probe  
  48  5:30  Probe  
  48  5:34  Gateway  
  48  5:35  Stalker, Gateway  
  49  5:36  Probe  
  49  5:42  Forge  
  52  5:43  Probe  
  52  5:48  Probe  
  54  5:50  Assimilator  
  54  5:55  Probe  
  55  6:00  Stalker, Probe  
  57  6:07  Probe  
  58  6:13  Probe  
  58  6:16  Pylon  
  59  6:19  Probe  
  59  6:24  Stalker  
  62  6:28  Pylon  
  62  6:33  Photon Cannon, Pylon  
  59  6:45  Stalker x2  
  63  7:00  Nexus  
  63  7:03  Stalker  
  63  7:05  Dark Shrine  
  65  7:15  Stalker x2  
  69  7:16  Probe x2  
Show
View Real Time Build Order
Export as new Build Order

ShaDoWn Protoss 

Build Orders: Oracle Opening 

Get SALT Encoding   

  12  0:00  Probe  
  13  0:12  Probe  
  14  0:17  Pylon  
  14  0:24  Probe  
  15  0:35  Gateway  
  15  0:36  Probe (Chrono Boost)  
  16  0:46  Assimilator, Probe (Chrono Boost)  
  17  0:51  Probe (Chrono Boost)  
  17  0:55  Assimilator  
  18  1:03  Probe  
  19  1:08  Gateway  
  19  1:15  Probe (Chrono Boost)  
  20  1:24  Cybernetics Core  
  20  1:25  Probe (Chrono Boost)  
  21  1:30  Probe (Chrono Boost)  
  22  1:36  Pylon  
  22  1:41  Probe  
  23  1:54  Probe  
  23  2:00  Stalker  
  26  2:01  Warp Gate  
  26  2:03  Pylon  
  26  2:09  Stalker  
  26  2:13  Probe  
  29  2:25  Probe  
  30  2:35  Cybernetics Core  
  30  2:37  Probe  
  30  2:41  Stargate  
  30  2:53  Pylon  
  30  3:11  Nexus  
  30  3:12  Probe  
  29  3:23  Oracle (Chrono Boost), Shield Battery  
  29  3:24  Probe  
  33  3:36  Probe  
  34  3:41  Twilight Council  
  32  3:48  Probe  
  31  4:00  Zealot  
  31  4:01  Zealot  
  34  4:09  Probe  
  27  4:17  Pylon  
  27  4:21  Blink (Chrono Boost)  
  27  4:22  Probe  
  28  4:30  Probe  
  29  4:34  Stalker  
  29  4:36  Probe  
  30  4:42  Probe  
  31  4:48  Probe  
  31  4:49  Stalker  
  34  4:54  Probe  
  35  5:00  Probe  
  35  5:06  Probe  
  37  5:08  Stalker  
  37  5:12  Probe  
  40  5:16  Stalker  
  40  5:20  Probe  
  35  5:31  Probe  
  36  5:37  Probe (Chrono Boost)  
  37  5:44  Stalker, Probe (Chrono Boost)  
  41  5:50  Probe (Chrono Boost)  
  41  5:55  Probe (Chrono Boost)  
  42  5:57  Probe (Chrono Boost)  
  42  6:00  Probe (Chrono Boost)  
  44  6:07  Stalker, Probe (Chrono Boost)  
  44  6:08  Stalker  
  50  6:13  Probe (Chrono Boost)  
  48  6:19  Probe (Chrono Boost)  
  48  6:23  Dark Shrine  
  49  6:26  Probe x2 (Chrono Boost)  
  49  6:29  Pylon  
  50  6:33  Probe  
  50  6:34  Probe  
  50  6:45  Probe  
  51  6:47  Stalker x2  
  51  6:48  Probe  
  54  6:59  Probe  
  55  7:02  Assimilator  
  55  7:12  Stalker x2  
  57  7:16  Nexus, Probe x2  
  57  7:18  Pylon  

Tags
 
Add a new tag
Caveats
  • Supply blocks, unpowered buildings, or Contaminate may cause inaccurate times.
  • Supply counts are checked every 10 seconds.